 Dungeon Crawl Stone Soup version 0.25-a0-713-g4845790874 (webtiles) character file.

Game seed: 10302977737582065305, levelgen mode: deterministic

91 mortelune the Skirmisher (level 4, -4/37 HPs)
             Began as a Formicid Abyssal Knight on Apr 5, 2020.
             Was a Follower of Lugonu.
             Slain by Sigmund
             ... wielding a +5 scythe of freezing
              (9 damage)
             ... on level 2 of the Dungeon.
             The game lasted 00:04:10 (1805 turns).

mortelune the Skirmisher (Formicid Abyssal Knight)  Turns: 1805, Time: 00:04:10

Health: -4/37      AC:  4    Str: 18    XL:     4   Next: 87%
Magic:  5/5        EV: 11    Int: 11    God:    Lugonu [*.....]
Gold:   153        SH:  0    Dex: 10    Spells: 3/3 levels left

rFire    . . .     SeeInvis +   a - +2 mace
rCold    . . .     Gourm    .   (no shield)
rNeg     . . .     Faith    .   b - +0 leather armour
rPois    .         Spirit   .   (helmet unavailable)
rElec    .         Reflect  .   (no cloak)
rCorr    .         Harm     .   (no gloves)
MR       .....                  p - +0 pair of boots
Stlth    +.........             (no amulet)
HPRegen  0.12/turn              (no ring)
MPRegen  0.09/turn              (no ring)

@: brilliant, stab
A: permanent stasis, dig shafts and tunnels, four strong arms, antennae 3
a: Dig, Shaft Self, Depart the Abyss, Renounce Religion


You were on level 2 of the Dungeon.
You worshipped Lugonu.
Lugonu was aware of your devotion.
You were not hungry.

You visited 1 branch of the dungeon, and saw 2 of its levels.
You visited the Abyss 1 time.

You collected 153 gold pieces.

Inventory:

Hand Weapons
 a - a +2 mace (weapon)
Missiles
 f - 13 sling bullets
 l - 4 stones (quivered)
Armour
 b - a +0 leather armour (worn)
 p - a +0 pair of boots (worn)
Scrolls
 g - a scroll of enchant weapon
 j - a scroll of fear {unknown}
 k - 2 scrolls of identify {unknown}
 o - a scroll of enchant armour {unknown}
Potions
 e - 2 potions of brilliance
 h - a potion of haste {unknown}
 i - a potion of cancellation
 m - a potion of lignification {unknown}
 n - a potion of curing {unknown}
 q - a potion of invisibility {unknown}
Comestibles
 c - a ration
 r - 6 chunks of flesh


   Skills:
 + Level 4.0 Fighting
 * Level 3.6 Maces & Flails
 + Level 3.1 Armour
 - Level 0.8 Dodging
 - Level 2.1 Invocations


You had 3 spell levels left.
You didn't know any spells.
Your spell library was empty.

Dungeon Overview and Level Annotations

Branches:
Dungeon (2/15)

Altars:

Annotations:
D:2 1 runed translucent door, Crazy Yiuf, Sigmund


Innate Abilities, Weirdness & Mutations

You cannot be hasted, slowed, berserked, paralysed or teleported.
You can dig through walls and to a lower floor.
Your four strong arms can wield two-handed weapons with a shield.
You have a pair of large antennae on your head. (SInv)


Message History

Sigmund hits you with a +5 scythe of freezing!
Sigmund freezes you.
You hit Sigmund.
Sigmund is severely wounded.
Sigmund hits you with a +5 scythe of freezing.
* * * LOW HITPOINT WARNING * * *
Sigmund freezes you.
* * * LOW HITPOINT WARNING * * *
It was a potion of brilliance.
You feel clever all of a sudden.
It was a potion of stabbing.
You feel ready to backstab. Sigmund gestures at you while chanting.
The magic dart hits you.
* * * LOW HITPOINT WARNING * * *
As you read the scroll labeled FAL FIYBBUPEOPP, it crumbles to dust.
It is a scroll of enchant weapon.
Your +1 mace glows red for a moment.
Sigmund hits you with a +5 scythe of freezing!
You die...

#.# #.. #.#
#.# ##.# ##
#.# ...# .
#.# ####
#.#.#
#.#.####.##
#.......@..
# ####@# ..
..##@# ###
#.##.#
#.##.#
#.##.# #.
#....# .
#..### .##
#.(# ..#
#..# #.#
#..# {


You could see Sigmund (invisible).

Vanquished Creatures
  Jessica (D:2)
  2 adders (D:2)
  A worm (D:2)
  A leopard gecko (D:1)
  3 giant cockroaches (D:1)
  6 goblins
  8 hobgoblins
  A quokka (D:2)
  A ball python (D:1)
  9 bats
  2 frilled lizards (D:1)
  3 kobolds (D:1)
  5 rats (D:1)
43 creatures vanquished.

Notes
Turn   | Place    | Note
-------+----------+-------------------------------------------
     0 | Abyss:1  | mortelune the Formicid Abyssal Knight began the quest for
                  | the Orb.
     0 | Abyss:1  | Reached XP level 1. HP: 18/18 MP: 2/2
    31 | D:1      | Escaped the Abyss
   108 | D:1      | Reached XP level 2. HP: 16/24 MP: 3/3
   145 | D:1      | Reached * piety under Lugonu
   471 | D:1      | Reached XP level 3. HP: 28/29 MP: 4/4
  1392 | D:2      | Found a runed translucent door.
  1393 | D:2      | Noticed Crazy Yiuf
  1537 | D:2      | Noticed Jessica
  1557 | D:2      | Reached XP level 4. HP: 24/37 MP: 5/5
  1560 | D:2      | Killed Jessica
  1606 | D:2      | Reached skill level 4 in Fighting
  1791 | D:2      | Noticed Sigmund
  1805 | D:2      | Slain by Sigmund

Levels and vault maps discovered:
D:1:      nzn_arrival_depleted_hourglass, layout_basic
D:2:      layout_loops_ring, uniq_sigmund, uniq_jessica, uniq_crazy_yiuf_cottage

Skill      XL: |  1  2  3  4 |
---------------+-------------+-----
Maces & Flails | 3 |  3.6
Armour         | 3 |  3.1
Fighting       | 4 |  4.0
Dodging        | |  0.8
Invocations    | |  2.1

Action                   |  1- 3 |  4- 6 || total
-------------------------+-------+-------++-------
Melee: Mace              |   105 |    29 ||   134
Invok: Depart the Abyss  |     1 |       ||     1
  Use: Potion            |       |     3 ||     3
       Scroll            |       |     1 ||     1
  Eat: Ration            |     1 |       ||     1
Armor: Leather armour    |    39 |    10 ||    49
Dodge: Dodged            |    66 |    16 ||    82

Table legend:
 A = Non-vault XP
 B = Vault XP
 C = Vault XP percentage of total XP
 D = Non-vault monster count
 E = Vault monster count
 F = Vault count percentage of total count
                 A         B        C        D         E       F
            +---------+---------+-------+---------+---------+-------
      Total |      93 |      37 |  28.5 |      42 |       1 |   2.3
            +---------+---------+-------+---------+---------+-------
        D:1 |      41 |       0 |   0.0 |      28 |       0 |   0.0
        D:2 |      52 |      37 |  41.6 |      14 |       1 |   6.7
            +---------+---------+-------+---------+---------+-------
